 Dungeon Crawl Stone Soup version 0.28-a0-1613-gdaab1c2f9b (console) character file.

Game seed: 12504924514127614868

785 Melian the Fighter (level 7, -1/102 HPs)
             Began as a Minotaur Berserker on Jan 21, 2022.
             Was a Believer of Trog.
             Killed from afar by an orc wizard (7 damage)
             ... with a magic dart
             ... on level 5 of the Dungeon.
             The game lasted 00:14:08 (4433 turns).

Melian the Fighter (Minotaur Berserker)             Turns: 4433, Time: 00:14:09

Health: -1/102     AC: 11    Str: 24    XL:     7   Next: 56%
Magic:  6/6        EV:  8    Int:  4    God:    Trog [**....]
Gold:   110        SH:  0    Dex:  9    Spells: 6/6 levels left

rFire   . . .      SeeInvis .   w - +0 battleaxe
rCold   . . .      Faith    .   (shield currently unavailable)
rNeg    + . .      Spirit   .   v - +0 chain mail
rPois   .          Reflect  .   (helmet restricted)
rElec   .          Harm     .   r - +0 cloak
rCorr   .          Rampage  .   a - +0 pair of gloves
Will    .....                   (no boots)
Stlth   ..........              (no amulet)
HPRegen 0.27/turn               i - ring of flight
MPRegen 0.10/turn               j - ring of positive energy

@: berserking (expiring), flying, very quick
A: horns 2, retaliatory headbutt
a: Renounce Religion, Berserk, Trog's Hand


You were on level 5 of the Dungeon.
You worshipped Trog.
Trog was pleased with you.
You visited 1 branch of the dungeon, and saw 5 of its levels.

You collected 250 gold pieces.
You spent 140 gold pieces at shops.

Inventory:

Hand Weapons
 w - a +0 battleaxe (weapon)
Missiles
 m - 6 boomerangs (quivered)
Armour
 a - a +0 pair of gloves (worn)
 r - a +0 cloak (worn)
 v - a +0 chain mail (worn)
Jewellery
 i - a ring of flight (left hand)
 j - a ring of positive energy (right hand)
Wands
 s - a wand of flame (27)
Scrolls
 e - a scroll of torment
 h - a scroll of noise
 o - a scroll of teleportation
Potions
 c - a potion of lignification
 d - a potion of curing
 f - 2 potions of might
 g - a potion of haste
 n - a potion of resistance
 p - a potion of heal wounds
 u - a potion of berserk rage {unknown}


   Skills:
 + Level 8.0 Fighting
 + Level 7.9 Axes
 - Level 2.7 Armour
 - Level 2.4 Dodging


You had 6 spell levels left.
You didn't know any spells.
Your spell library was empty.

Dungeon Overview and Level Annotations

Branches:
Dungeon (5/15)
 Temple: D:4-7

Altars:
Cheibriados
Sif Muna

Shops:
D:2 (   D:4 [[(=

Annotations:
D:3 3 runed translucent doors, Pin's ghost, amateur HOFi


Innate Abilities, Weirdness & Mutations

You have a pair of horns on your head.
You reflexively headbutt those who attack you in melee.


Message History

You closely miss the orc.
You hear some strange, mumbled words.
A puff of flame appears from out of thin air!
The puff of flame hits you. The orc barely misses you.
You completely miss the orc. Your headbutt misses the orc.
The orc hits you with a +0 hand axe.
You slash the orc!
You kill the orc!
Trog accepts your kill.
You miss something. Something hits you.
The ogre hits you with a +0 giant club!!
* * * LOW HITPOINT WARNING * * *
Something hits you.
* * * LOW HITPOINT WARNING * * *
Things that are here:
a +0 hand axe; an orc corpse You hit the ogre.
The ogre is moderately wounded.
You barely miss something. You slash the ogre!
The ogre is heavily wounded.
You barely miss something. Something hits you.
* * * LOW HITPOINT WARNING * * *
The ogre hits you with a +0 giant club!
* * * LOW HITPOINT WARNING * * *
You slash the ogre! Your headbutt misses the ogre.
The ogre is almost dead.
You slash something! Something hits you but does no damage.
The ogre barely misses you.
You barely miss the ogre. You headbutt the ogre.
You kill the ogre!
Trog accepts your kill.
You barely miss something. Something hits you but does no damage.
Your Fighting skill increases to level 8!
You miss something. Something hits you.
* * * LOW HITPOINT WARNING * * *
You closely miss something. Something hits you but does no damage.
You miss something.
You hear some strange, mumbled words.
A magic dart appears from out of thin air!
The magic dart hits you!
You die...

#.#####.## . #..
#........# .. .. #..
#.......# ..# #.####<.
#..)....###..# ##.......
#........................
#.....†.#.##.##.##.......
#.......#.##.##.##.####..
#...<...#.##....... #..
#####...)....##.# #..
.#####.###.#..##.# #..
≈.......))@{......# #..
..#####.##........# ##.
#.#####.#.#.##### #. #.#
#.#.#.....# #. ...
....#.....##### ###
#.####.......... #.
..#....>##### ##
#.#.....# #. #.#.##### #.
#.....# # #...#.##


There were no monsters in sight!

Vanquished Creatures
  2 ogres (D:5)
  2 centaurs
  2 scorpions (D:4)
  A howler monkey (D:5)
  A jelly (D:4)
  A hound (D:4)
  A bullfrog skeleton (D:5)
  An iguana (D:5)
  Ijyb (D:3)
  2 orc wizards
  A hound zombie (D:5)
  2 adders
  An ufetubus (D:4)
  A worm (D:2)
  7 orcs
  7 ball pythons
  9 endoplasms
  2 giant cockroaches
  8 goblins
  4 hobgoblins
  5 quokkas
  2 bats (D:1)
  4 frilled lizards (D:1)
  8 kobolds
  10 rats
85 creatures vanquished.

Vanquished Creatures (others)
  5 plants (D:2)
5 creatures vanquished.

Grand Total: 90 creatures vanquished

Notes
Turn   | Place    | Note
-------+----------+-------------------------------------------
     0 | D:1      | Melian the Minotaur Berserker began the quest for the Orb.
     0 | D:1      | Reached XP level 1. HP: 19/19 MP: 0/0
   304 | D:1      | Reached XP level 2. HP: 27/27 MP: 1/1
   455 | D:1      | Reached skill level 4 in Fighting
   730 | D:1      | Reached XP level 3. HP: 33/33 MP: 2/2
   862 | D:2      | Reached ** piety under Trog
  1155 | D:2      | Found Mabbun's Antique Weapon Boutique.
  1917 | D:3      | Found a runed translucent gate.
  1917 | D:3      | Found a runed translucent gate.
  1917 | D:3      | Found a runed translucent gate.
  1919 | D:3      | Noticed Ijyb
  1935 | D:3      | Killed Ijyb
  1936 | D:3      | Reached XP level 4. HP: 21/41 MP: 3/3
  1956 | D:3      | Found a faded altar of an unknown god.
  2313 | D:3      | Reached skill level 5 in Fighting
  2346 | D:3      | Found a snail-covered altar of Cheibriados.
  2587 | D:3      | Noticed Pin's ghost (amateur HOFi)
  2838 | D:3      | Reached skill level 5 in Axes
  3080 | D:4      | Reached XP level 5. HP: 48/48 MP: 4/4
  3092 | D:4      | Found Roczet's Antique Armour Shoppe.
  3112 | D:4      | HP: 2/50 [poisoned by a scorpion]
  3264 | D:4      | Noticed a centaur
  3268 | D:4      | Reached skill level 6 in Fighting
  3276 | D:4      | Killed a centaur
  3277 | D:4      | Reached XP level 6. HP: 19/58 MP: 5/5
  3562 | D:4      | Found Paufaanain's Weapon Emporium.
  3583 | D:4      | Bought a +0 battleaxe for 91 gold pieces
  3705 | D:4      | Found Enwots's Jewellery Shoppe.
  3811 | D:4      | Found Vuoxoq's Armour Shop.
  3825 | D:4      | Bought a +0 pair of gloves for 49 gold pieces
  4029 | D:4      | Found a shimmering blue altar of Sif Muna.
  4209 | D:5      | Entered Level 5 of the Dungeon
  4374 | D:5      | Reached skill level 7 in Fighting
  4374 | D:5      | Reached XP level 7. HP: 45/66 MP: 6/6
  4431 | D:5      | Reached skill level 8 in Fighting
  4431 | D:5      | HP: 5/102 [something (4)]
  4433 | D:5      | Killed from afar by an orc wizard

Illustrated notes

Levels and vault maps discovered:
D:1:      dpeg_arrival_signposts, layout_basic, minivault_24
D:2:      layout_loops_cross, serial_shops, nicolae_shop_hallway_plus,
          serial_bayou_pond_a
D:3:      layout_rooms, mainiacjoe_overflow_six_doors_small,
          gammafunk_ghost_icy, hellmonk_ecumenical_altar_run_dry, serial_rivers,
          chequers_serial_rivers_large_b, chequers_serial_rivers_micro_a,
          chequers_serial_rivers_large_a, chequers_serial_rivers_micro_a,
          chequers_serial_rivers_micro_d, chequers_serial_rivers_small_3,
          uniq_ijyb
D:4:      layout_basic, lemuel_coloured_pillars_altar, serial_shops,
          nicolae_stop_n_shop_2, kennysheep_mini, shop, nicolae_diamond_shop,
          due_unseen_surprise
D:5:      layout_loops_cross, mainiacjoe_overflow_brackets, zin_academy,
          minmay_splitting_lines, uniq_pikel

Skill      XL: |  1  2  3  4  5  6  7 |
---------------+----------------------+-----
Fighting       | 4 5 6 7 8 |  8.0
Axes           | 4 5 6 7 |  7.9
Armour         | |  2.7
Dodging        | |  2.4

Action                   |  1- 3 |  4- 6 |  7- 9 || total
-------------------------+-------+-------+-------++-------
Melee: Hand axe          |   103 |    52 |       ||   155
       Headbutt          |    13 |    15 |     3 ||    31
       Punch             |     2 |       |       ||     2
       Battleaxe         |       |    26 |    21 ||    47
Invok: Berserk           |     2 |     1 |     1 ||     4
  Use: Potion            |       |     2 |       ||     2
       Scroll            |       |    10 |       ||    10
 Stab: Sleeping          |     1 |       |       ||     1
Armor: Animal skin       |    21 |       |       ||    21
       Scale mail        |       |    10 |       ||    10
       Chain mail        |       |    24 |    11 ||    35
Dodge: Dodged            |    56 |    29 |    14 ||    99

Table legend: (Time is in decaauts)
 A = Elapsed time spent in this place.
 B = Non-inter-level travel time spent in this place.
 C = Inter-level travel time spent in this place.
 D = Time resting spent in this place.
 E = Time spent auto-exploring this place.
 F = Levels seen in this place.
 G = Mean time per level.
                   A        B        C        D        E       F      G
               +--------+--------+--------+--------+--------+-----+--------+
         Total |   4483 |   4346 |    137 |      0 |   3362 |   5 |  896.6 |
       Dungeon |   4483 |   4346 |    137 |      0 |   3362 |   5 |  896.6 |
               +--------+--------+--------+--------+--------+-----+--------+

Top non-repeatable levels by time:
     D:3: 1189 daAuts
     D:4: 1161 daAuts
     D:2: 1043 daAuts
     D:1: 869 daAuts
     D:5: 219 daAuts
